 Dungeon Crawl Stone Soup version 0.31-a0-876-gfe8ebadbca (webtiles) character file.

Game seed: 8849514133190858231

38 croobank the Covert (level 3, -4/35 HPs)
             Began as a Gnoll Delver on Oct 14, 2023.
             Slain by a bullfrog (6 damage)
             ... on level 7 of the Dungeon.
             The game lasted 00:01:26 (155 turns).

croobank the Covert (Gnoll Delver)                   Turns: 155, Time: 00:01:27

Health: -4/35      AC:  4    Str: 11    XL:     3   Next: 43%
Magic:  4/4        EV: 13    Int: 11    God:
Gold:   24         SH:  0    Dex: 13    Spells: 3/3 levels left

rFire   . . .        a - +0 short sword
rCold   . . .        (no shield)
rNeg    . . .        b - +0 leather armour
rPois   .            (no helmet)
rElec   .            f - +0 cloak
rCorr   .            (no gloves)
SInv    .            (no boots)
Will    .....        (no amulet)
Stlth   ++++         (no ring)
HPRegen 0.25/turn    (no ring)
MPRegen 0.09/turn

%: no passive effects
@: no status effects
A: fangs 1, strong nose, distributed training
a: no special abilities


You were on level 7 of the Dungeon.
You visited 1 branch of the dungeon, and saw 3 of its levels.

You collected 24 gold pieces.

Inventory:

Hand Weapons
 a - a +0 short sword (weapon)
Armour
 b - a +0 leather armour (worn)
 f - a +0 cloak (worn)
Wands
 g - a wand of digging (3)
Scrolls
 d - 2 scrolls of revelation


   Skills:
 + Level 6.5 Fighting
 + Level 4.5 Short Blades
 + Level 0.8 Long Blades
 + Level 0.8 Axes
 + Level 0.8 Maces & Flails
 + Level 0.8 Polearms
 + Level 0.8 Staves
 + Level 0.8 Ranged Weapons
 + Level 0.8 Throwing
 + Level 0.8 Armour
 + Level 4.5 Dodging
 + Level 9.6 Stealth
 + Level 0.8 Shields
 + Level 0.8 Unarmed Combat
 + Level 0.8 Spellcasting
 + Level 0.5 Conjurations
 + Level 0.5 Hexes
 + Level 0.5 Summonings
 + Level 0.5 Necromancy
 + Level 0.5 Translocations
 + Level 0.5 Transmutations
 + Level 0.5 Fire Magic
 + Level 0.5 Ice Magic
 + Level 0.5 Air Magic
 + Level 0.5 Earth Magic
 + Level 0.5 Poison Magic
 + Level 1.0 Invocations
 + Level 0.8 Evocations
 + Level 0.7 Shapeshifting


You had 3 spell levels left.
You didn't know any spells.
Your spell library was empty.

Dungeon Overview and Level Annotations

Branches:
Dungeon (7/15)
 Temple: D:4-7

Altars:
Dithmenos


Innate Abilities, Weirdness & Mutations

You have very sharp teeth.
Your uncanny sense of smell can sniff out nearby items.
Your experience applies equally to all skills.


Message History

The iguana is lightly wounded.
A bullfrog comes into view.
Okay, then.
It was a potion of magic.
Magic courses through your body. The bullfrog hits you.
The iguana barely misses you.
A bullfrog comes into view.
The bullfrog closely misses you.
As you read the scroll of fog, it dissolves into smoke.
The bullfrog gives a loud, deep croak!
The iguana bites you. The bullfrog hits you.
The bullfrog attacks as it pursues you! The bullfrog hits you.
The iguana closely misses you. The bullfrog completely misses you.
A water moccasin comes into view.
Found a whip and 11 gold pieces.
The iguana misses you. The bullfrog barely misses you.
The iguana closely misses you. The iguana attacks as it pursues you!
The iguana barely misses you.
The bullfrog releases a deep croak.
The bullfrog hits you. The bullfrog hits you.
The iguana attacks as it pursues you! The iguana bites you!
The bullfrog closely misses you. The iguana attacks as it pursues you!
The iguana closely misses you. The bullfrog barely misses you.
The bullfrog attacks as it pursues you! The bullfrog barely misses you.
The bullfrog snags a nearby mosquito with its tongue.
The bullfrog hits you.
* * * LOW HITPOINT WARNING * * *
The bullfrog attacks as it pursues you!
The bullfrog hits you but does no damage.
The bullfrog closely misses you.
Found a sling and a leather armour.
Found a glowing hand axe.
Found a stone staircase leading up.
The bullfrog attacks as it pursues you! The bullfrog hits you.
* * * LOW HITPOINT WARNING * * *
The bullfrog barely misses you.
Found a golden potion.
Found a stone staircase leading up.
Found a glowing dagger.
Found an escape hatch in the floor.
The bullfrog hits you.
You die...

). ##.##.FF. . .#
#..# #..... ∆
..####.## ....#
....#.l.# ..%.#
#......F# #...##
........###....#
........#F...)..#
.......F.F..###..
........@...#
....##.......#
... #....##.# ..
..).!.. [#
......<.. .
...........)..
..<.........>
##.......##...


You could see 3 bullfrogs and an iguana.

Vanquished Creatures
  A hound (D:6)
  An adder (D:6)
2 creatures vanquished.

Notes
Turn   | Place    | Note
-------+----------+-------------------------------------------
     0 | D:5      | Reached skill level 9 in Stealth
     0 | D:5      | croobank the Gnoll Delver began the quest for the Orb.
     0 | D:5      | Reached XP level 1. HP: 23/23 MP: 1/1
     4 | D:6      | Reached XP level 2. HP: 29/29 MP: 2/2
    10 | D:6      | Found a shadowy altar of Dithmenos.
    75 | D:6      | Reached skill level 1 in Invocations
    75 | D:6      | Reached XP level 3. HP: 32/35 MP: 2/4
   136 | D:7      | Noticed a bullfrog
   138 | D:7      | Noticed a bullfrog
   139 | D:7      | Noticed a bullfrog
   142 | D:7      | Noticed a water moccasin
   152 | D:7      | HP: 1/35 [bullfrog (6)]
   155 | D:7      | Slain by a bullfrog

Illustrated notes

Levels and vault maps discovered:
D:5:      layout_loops_ring, cheibrodos_sewer_entry_drain, serial_bayou,
          serial_bayou_pond_c, serial_bayou_pond_b, serial_bayou_shore_a,
          serial_bayou_crossing, serial_bayou_shore_b, serial_bayou_shore_b,
          uniq_duvessa, uniq_edmund
D:6:      wad_woods_stonehenge, layout_basic, nicolae_dithmenos_shadow_blocks,
          temple_hall, serial_shops, shop
D:7:      layout_cave_pools, corner_web_ring

Skill      XL: |  1  2 |
---------------+-------+-----
Stealth        | |  9.6
Invocations    | 1 |  1.0
Fighting       | |  6.5
Short Blades   | |  4.5
Long Blades    | |  0.8
Axes           | |  0.8
Maces & Flails | |  0.8
Polearms       | |  0.8
Staves         | |  0.8
Ranged Weapons | |  0.8
Throwing       | |  0.8
Armour         | |  0.8
Dodging        | |  4.5
Shields        | |  0.8
Unarmed Combat | |  0.8
Spellcasting   | |  0.8
Conjurations   | |  0.5
Hexes          | |  0.5
Summonings     | |  0.5
Necromancy     | |  0.5
Translocations | |  0.5
Transmutations | |  0.5
Fire Magic     | |  0.5
Ice Magic      | |  0.5
Air Magic      | |  0.5
Earth Magic    | |  0.5
Poison Magic   | |  0.5
Evocations     | |  0.8
Shapeshifting  | |  0.7

Action                     || total
---------------------------++-------
  Melee: Short sword       ||    16
         Bite              ||     2
    Use: Scroll            ||     2
         Potion            ||     2
   Stab: Sleeping          ||     1
 Armour: Leather armour    ||    15
  Dodge: Dodged            ||    24

Table legend: (Time is in decaauts)
 A = Elapsed time spent in this place.
 B = Non-inter-level travel time spent in this place.
 C = Inter-level travel time spent in this place.
 D = Time resting spent in this place.
 E = Time spent auto-exploring this place.
 F = Levels seen in this place.
 G = Mean time per level.
                   A        B        C        D        E       F      G
               +--------+--------+--------+--------+--------+-----+--------+
         Total |    136 |    121 |     15 |      0 |     34 |   3 |   45.3 |
       Dungeon |    136 |    121 |     15 |      0 |     34 |   3 |   45.3 |
               +--------+--------+--------+--------+--------+-----+--------+

Top non-repeatable levels by time:
     D:6: 117 daAuts
     D:7: 18 daAuts
     D:5: 1 daAuts
